 Dungeon Crawl Stone Soup version 0.19-a0-450-g98b348d (webtiles) character file.

695 tyrsky the Digger (level 7, -1/37 HPs)
             Began as a Gargoyle Earth Elementalist on June 1, 2016.
             Slain by an elf zombie (6 damage)
             ... in an ossuary.
             The game lasted 00:12:37 (4246 turns).

tyrsky the Digger (Gargoyle Earth Elementalist)     Turns: 4246, Time: 00:12:38

Health: -1/37      AC:  8    Str: 11    XL:     7   Next: 64%
Magic:  0/15       EV: 12    Int: 18    God:
Gold:   166        SH:  0    Dex: 10    Spells: 4 memorised, 5 levels left

rFire  . . .     SeeInvis .     v - +0 great sword (elec)
rCold  . . .     Gourm    .     e - +0 robe
rNeg   + . .     Faith    .     (shield currently unavailable)
rPois  ∞         Spirit   .     (no helmet)
rElec  +         Dismiss  .     m - +1 cloak
rCorr  .         Reflect  .     (no gloves)
SustAt .         Harm     .     (no boots)
MR     .....                    (no amulet)
Stlth  ++........               (no ring)
                                (no ring)

@: not resistant to hostile enchantments, unstealthy
A: negative energy resistance 1, electricity resistance, unbreathing,
petrification resistance, rot immunity, AC +4
a: no special abilities


You were in an ossuary.
You were very hungry.

You visited 1 branch of the dungeon, and saw 5 of its levels.
You also visited: Ossuary.

You collected 166 gold pieces.

Inventory:

Hand Weapons
 k - a -2 whip
 l - a +0 hand axe
 v - a +0 great sword of electrocution (weapon)
Missiles
 b - 154 stones (quivered)
Armour
 e - a +0 robe (worn)
 m - a +1 cloak (worn)
Scrolls
 f - a scroll of enchant armour
 g - 4 scrolls of remove curse
 q - a scroll of magic mapping
 s - 2 scrolls of identify {@*1}
 t - 2 scrolls of amnesia
 w - a scroll of fear
 x - a scroll of enchant weapon {unknown}
 y - a scroll of summoning {unknown}
Potions
 a - 2 potions of agility {unknown}
 h - 2 potions of curing
 i - a potion of lignification {unknown}
 j - 3 potions of magic {unknown}
 n - a potion of brilliance {unknown}
 o - 6 potions of degeneration {unknown}
 r - a potion of invisibility {unknown}
Books
 c - a book of Geomancy

   Spells                             Type                      Level
   a - Sandblast                      Earth                        1
   b - Passwall                       Transmutation/Earth          2
   c - Stone Arrow                    Conjuration/Earth            3
   d - Petrify                        Transmutation/Earth          4
   e - Lee's Rapid Deconstruction     Earth                        5
Comestibles
 d - 2 bread rations
 p - 2 meat rations


   Skills:
 + Level 0.9 Fighting
 + Level 1.3 Armour
 + Level 1.9 Dodging
 - Level 2.1 Stealth
 * Level 5.4 Spellcasting
 + Level 3.8 Conjurations
 - Level 0.7 Transmutations
 + Level 5.7 Earth Magic


You had 5 spell levels left.
You knew the following spells:

 Your Spells              Type           Power        Failure   Level  Hunger
a - Sandblast             Erth           ####..       1%          1    None
b - Passwall              Tmut/Erth      ###.......   6%          2    #......
c - Stone Arrow           Conj/Erth      ###...       6%          3    ##.....
d - Lee's Rapid Deconstr  Erth           ####......   34%         5    ######.


Dungeon Overview and Level Annotations

Branches:
Dungeon (5/15)
 Temple: D:4-7

Altars:
Dithmenos
Elyvilon
Nemelex Xobeh
Pakellas
Ru
Sif Muna
Uskayaw

Annotations:
D:3 DEFE's ghost, amateur DEFi
D:4 p0werm0de's ghost, amateur OpAr


Innate Abilities, Weirdness & Mutations

You are resistant to torment.
Your stone body is resilient. (AC +4)
You are immune to poison.
You resist negative energy. (rN+)
You are resistant to electric shocks. (rElec)
You can survive without breathing.
You are immune to petrification.
You are immune to rotting.


Message History

Confirm with . or Enter, or press ? or * to list all spells.
You don't have enough magic to cast that spell.
You slash the elf zombie!
There is a sudden explosion of sparks!
The elf zombie hits you but does no damage. x2
Casting: Sandblast
Confirm with . or Enter, or press ? or * to list all spells.
You don't have enough magic to cast that spell.
You hit the elf zombie. The elf zombie barely misses you.
You closely miss the elf zombie. The elf zombie hits you.
* * * LOW HITPOINT WARNING * * *
Casting: Sandblast
Confirm with . or Enter, or press ? or * to list all spells.
Aiming: Sandblast
Press: ? - help, Shift-Dir - straight line, f/p - elf zombie
Aim: an elf zombie The blast of sand misses the elf zombie.
The elf zombie hits you.
* * * LOW HITPOINT WARNING * * *
You barely miss the elf zombie. The elf zombie hits you.
You die...

##.....## ##...##
#.......# #.....#
##...∩...###.....##
+...∩∩∩...'.......#
##...∩...###.....##
#.......# #.....#
##.....## ##...##
###.### ##### #9#
#Z# #.....#
#.......# #.......#
#.......# ##.....##
###.### ###


You could see an elf zombie.

Vanquished Creatures
  The ghost of epen the Gusty, an amateur DEAE (Ossuary)
  3 elf zombies (Ossuary)
  2 centaur zombies (Ossuary)
  2 human zombies (Ossuary)
  An orc priest (D:4)
  2 mummies (Ossuary)
  7 adders
  3 worms
  8 dart slugs (D:3)
  2 giant geckos
  5 orcs
  6 bats
  2 giant cockroaches
  3 goblins (D:1)
  4 hobgoblins
  5 jackals
  2 quokkas
  5 giant newts
  A jackal skeleton (D:4)
  A kobold (D:2)
  8 rats
73 creatures vanquished.

Notes
Turn   | Place    | Note
--------------------------------------------------------------
     0 | D:1      | tyrsky the Gargoyle Earth Elementalist began the quest for the Orb.
     0 | D:1      | Reached XP level 1. HP: 10/10 MP: 3/3
   290 | D:1      | Reached XP level 2. HP: 15/15 MP: 5/5
   535 | D:1      | Learned a level 2 spell: Passwall
  1048 | D:2      | Reached XP level 3. HP: 16/19 MP: 2/7
  1053 | D:2      | Learned a level 3 spell: Stone Arrow
  1350 | D:2      | Found a white marble altar of Elyvilon.
  1524 | D:2      | Found a sacrificial altar of Ru.
  1799 | D:2      | Reached skill level 1 in Conjurations
  1799 | D:2      | Reached XP level 4. HP: 24/24 MP: 3/9
  1846 | D:2      | Found a deep blue altar of Sif Muna.
  1890 | D:2      | Found a shadowy altar of Dithmenos.
  1915 | D:2      | Found a sparkling altar of Nemelex Xobeh.
  1970 | D:2      | Found a hide-covered altar of Uskayaw.
  1971 | D:2      | Found an oddly glowing altar of Pakellas.
  2170 | D:3      | Noticed DEFE's ghost (amateur DEFi)
  2538 | D:4      | Noticed p0werm0de's ghost (amateur OpAr)
  2605 | D:3      | Reached XP level 5. HP: 28/28 MP: 7/10
  3503 | D:5      | Entered Level 5 of the Dungeon
  3543 | D:5      | Found a sand-covered staircase.
  3548 | Ossuary  | Entered an ossuary
  3548 | Ossuary  | Noticed epen's ghost (amateur DEAE)
  3554 | Ossuary  | Killed epen's ghost
  3554 | Ossuary  | Reached skill level 5 in Earth Magic
  3554 | Ossuary  | Reached XP level 6. HP: 24/32 MP: 2/13
  3561 | Ossuary  | Learned a level 5 spell: Lee's Rapid Deconstruction
  3811 | Ossuary  | Reached skill level 5 in Spellcasting
  3811 | Ossuary  | Reached XP level 7. HP: 32/36 MP: 1/14
  4106 | Ossuary  | Reached skill level 1 in Armour
  4246 | Ossuary  | Slain by an elf zombie

Vault maps used:
D:1:      lightli_arrival_quake, nrook_loot_triangle
D:2:      lemuel_crystal_altar, led_sif_pool, gammafunk_temple_overflow_pools,
          minitemple, first_bread, elyvilon_altar_3
D:3:      kennysheep_slugbush, minmay_statues_item
D:4:      minmay_tree_intersection
D:5:      zin_angel, lemuel_round_altar, kennysheep_little_box,
          lemuel_zombie_altar_yredelemnul, enter_ossuary_3, uniq_blork_the_orc
Ossuary:  ossuary_minmay_four_chambers

Skill      XL: |  1  2  3  4  5  6  7 |
---------------+----------------------+-----
Earth Magic    | 4 5 |  5.7
Spellcasting   | 3 4 5 |  5.4
Conjurations   | 1 3 |  3.8
Armour         | 1 |  1.3
Fighting       | |  0.9
Dodging        | |  1.9
Stealth        | |  2.1
Transmutations | |  0.7

Action                   |  1- 3 |  4- 6 |  7- 9 || total
-------------------------+-------+-------+-------++-------
Melee: Unarmed           |    21 |       |       ||    21
       Whip              |    17 |     3 |       ||    20
       Great sword       |       |     7 |    23 ||    30
       Hand axe          |       |     3 |       ||     3
Throw: Stone             |   109 |    37 |     1 ||   147
 Cast: Sandblast         |    62 |    86 |    60 ||   208
       Stone Arrow       |     4 |     5 |       ||     9
       Passwall          |       |     2 |       ||     2
  Use: Scroll            |       |    10 |       ||    10
       Potion            |       |       |     1 ||     1
  Eat: Chunk             |     1 |     2 |       ||     3
       Beef jerky        |     1 |     1 |       ||     2
       Bread ration      |       |     1 |       ||     1
Armor: Robe              |    20 |    18 |    21 ||    59
Dodge: Dodged            |    48 |    31 |    30 ||   109
